 Dungeon Crawl Stone Soup version 0.31.0-7-gf635a9b802 (webtiles) character file.

Game seed: 10368122695415801738

460 olmar the Digger (level 7, -9/50 HPs)
             Began as a Ghoul Earth Elementalist on Jan 24, 2024.
             Mangled by an iguana (12 damage)
             ... on level 5 of the Dungeon.
             The game lasted 00:03:28 (2277 turns).

olmar the Digger (Ghoul Earth Elementalist)         Turns: 2277, Time: 00:03:28

Health: -9/50      AC:  2    Str: 12    XL:     7   Next: 7%
Magic:  1/13       EV: 12    Int: 16    God:
Gold:   103        SH:  0    Dex:  9    Spells: 7/14 levels left

rFire   . . .        h - +2 dagger (venom)
rCold   + . .        (no shield)
rNeg    + + +        a - +0 robe
rPois   ∞            (no helmet)
rElec   .            (no cloak)
rCorr   .            (no gloves)
SInv    .            (no boots)
Will    .....        (no amulet)
Stlth   ++           (no ring)
HPRegen 0.00/turn    (no ring)
MPRegen 0.13/turn

%: no passive effects
@: inhibited regen
A: claws 1, cold resistance 1, negative energy resistance 3, inhibited
regeneration, torment resistance 2, devour on kill
a: no special abilities


You were on level 5 of the Dungeon.
You visited 1 branch of the dungeon, and saw 5 of its levels.

You collected 103 gold pieces.

Inventory:

Hand Weapons
 h - a +2 dagger of venom (weapon)
Missiles
 b - 2 poisoned darts
Armour
 a - a +0 robe (worn)
Wands
 c - a wand of mindburst (6)
Scrolls
 f - a scroll of identify {unknown}
 g - a scroll of fear {unknown}


   Skills:
 - Level 1.9 Dodging
 - Level 2.1 Stealth
 + Level 4.3 Spellcasting
 + Level 0.7 Conjurations
 + Level 6.6 Earth Magic


You had 7 spell levels left.
You knew the following spells:

 Your Spells              Type           Power      Damage    Failure   Level
a - Sandblast             Erth           48%        2d12      1%          1
b - Stone Arrow           Conj/Erth      30%        3d8       11%         3
c - Passwall              Erth           24%        N/A       3%          3

Your spell library contained the following spells:

 Spells                   Type           Power      Damage    Failure   Level
 Brom's Barrelling Bould  Conj/Erth      15%        2d4       34%         4
 Petrify                  Alch/Erth      14%        N/A       38%         4


Dungeon Overview and Level Annotations

Branches:
Dungeon (6/15)
 Temple: D:4-7

Altars:
Fedhas

Annotations:
D:2 Robin
D:3 Terence


Innate Abilities, Weirdness & Mutations

You are immune to poison.
You have sharp fingernails.
Your flesh is cold resistant. (rC+)
You are immune to negative energy. (rN+++)
You do not regenerate when monsters are visible.
You are immune to unholy pain and torment.
You thrive by killing the living.


Message History

c - a wand of mindburst (6)
Okay, then.
An iguana comes into view.
An iguana is nearby!
An iguana is nearby!
The blast of sand misses the iguana.
The iguana hisses angrily.
The blast of sand hits the iguana!
The iguana is heavily wounded.
The iguana bites you!
The blast of sand hits the iguana but does no damage.
The iguana is heavily wounded.
The iguana bites you!
The blast of sand misses the iguana.
The iguana bites you! The iguana bites you.
You are too injured to fight recklessly!
You are too injured to fight recklessly!
You are too injured to fight recklessly!
Aiming: Sandblast (safe; 1% risk of failure)
Press: ? - help, Q - select action, (/) - cycle Shift-Dir - straight line, f/p - iguana
Aim: an iguana (heavily wounded, 85% to hit)
The blast of sand misses the iguana.
The iguana bites you!
* * * LOW HITPOINT WARNING * * *
Casting: Sandblast (safe; 1% risk of failure)
Confirm with . or Enter, or press ? or * to list all spells.
Aiming: Stone Arrow (dangerous; 11% risk of failure)
Press: ? - help, Shift-Dir - straight line, f/p - iguana
Aim: an iguana (heavily wounded, 72% to hit)
The stone arrow hits the iguana.
The iguana is severely wounded.
The iguana bites you.
* * * LOW HITPOINT WARNING * * *
Casting: Stone Arrow (dangerous; 11% risk of failure)
Confirm with . or Enter, or press ? or * to list all spells.
Aiming: Stone Arrow (dangerous; 11% risk of failure)
Press: ? - help, Shift-Dir - straight line, f/p - iguana
Aim: an iguana (severely wounded, 72% to hit)
The stone arrow misses the iguana.
The iguana bites you!
You die...

###.# .. ##...##
..
###.....######.
................
..........######.
####.#....#
##.##.#.#
......#l##
##..##†.@##.##
#...........# #.#
#...#...###..#
..# ........## .#
### ##...#..#
##.##[.# #. #..#
. ...# # ##..


You could see an iguana.

Vanquished Creatures
  An ice beast (D:5)
  A phantom (D:6)
  A kobold brigand (D:5)
  A wight (D:6)
  2 hounds (D:5)
  An iguana (D:5)
  4 gnolls (D:5)
  2 adders
  A ribbon worm (D:2)
  A dart slug (D:2)
  3 endoplasms
  A giant cockroach (D:1)
  5 goblins
  3 hobgoblins
  2 jackals (D:1)
  2 ball pythons (D:1)
  A frilled lizard (D:1)
  6 kobolds
  2 rats
40 creatures vanquished.

Notes
Turn   | Place    | Note
-------+----------+-------------------------------------------
     0 | D:1      | olmar the Ghoul Earth Elementalist began the quest for the
                  | Orb.
     0 | D:1      | Reached XP level 1. HP: 14/14 MP: 3/3
   281 | D:1      | Reached XP level 2. HP: 20/20 MP: 2/4
   516 | D:1      | Reached skill level 4 in Earth Magic
  1071 | D:2      | Reached XP level 3. HP: 26/26 MP: 0/5
  1149 | D:2      | Noticed Robin
  1157 | D:3      | Noticed Terence
  1168 | D:3      | You are sucked into a shaft and drop 3 floors!
  1197 | D:6      | Noticed a phantom
  1205 | D:6      | Killed a phantom
  1206 | D:6      | Reached skill level 5 in Earth Magic
  1206 | D:6      | Reached XP level 4. HP: 20/33 MP: 1/8
  1206 | D:6      | Reached XP level 5. HP: 23/38 MP: 1/9
  1219 | D:6      | Learned a level 3 spell: Stone Arrow
  1223 | D:6      | Learned a level 3 spell: Passwall
  1461 | D:6      | Noticed a water moccasin
  1477 | D:5      | Entered Level 5 of the Dungeon
  1616 | D:5      | Noticed a kobold brigand
  1624 | D:5      | Killed a kobold brigand
  1625 | D:5      | Reached XP level 6. HP: 43/45 MP: 2/11
  1802 | D:5      | Noticed an ice beast
  1815 | D:5      | Killed an ice beast
  1816 | D:5      | Reached skill level 6 in Earth Magic
  2104 | D:5      | Found a blossoming altar of Fedhas.
  2263 | D:5      | Reached XP level 7. HP: 50/50 MP: 10/13
  2277 | D:5      | Mangled by an iguana

Illustrated notes

Levels and vault maps discovered:
D:1:      minmay_arrival_four_houses, layout_basic
D:2:      layout_loops_ring, basic_altar, chequers_serial_rivers_micro_d,
          uniq_robin, uniq_sigmund
D:3:      layout_basic, led_sif_book, chequers_ecumenical_altar_simple,
          minmay_diced_spiral, uniq_terence
D:5:      layout_loops_ring, nicolae_overflow_crystal_walls, uniq_eustachio
D:6:      layout_basic

Skill      XL: |  1  2  3  4  5  6 |
---------------+-------------------+-----
Earth Magic    | 4 5 6 |  6.6
Spellcasting   | 2 3 4 |  4.3
Dodging        | |  1.9
Stealth        | |  2.1
Conjurations   | |  0.7

Action                     |  1- 3 |  4- 6 |  7- 9 || total
---------------------------+-------+-------+-------++-------
  Melee: Dagger            |     4 |     4 |       ||     8
         Unarmed           |     1 |       |       ||     1
   Cast: Sandblast         |    42 |    44 |     5 ||    91
         Stone Arrow       |       |       |     2 ||     2
    Use: Potion            |     4 |     1 |       ||     5
         Scroll            |     1 |       |       ||     1
 Armour: Robe              |    13 |    32 |     7 ||    52
  Dodge: Dodged            |    23 |    30 |       ||    53
